 Dungeon Crawl Stone Soup version 0.26-a0-43-g20b394cb32 (webtiles) character file.

Game seed: 10259192428839556601

966 Majang the Chopper (level 7, -3/54 HPs)
             Began as a Demonspawn Gladiator on June 2, 2020.
             Was a Priest of Okawaru.
             Killed from afar by a steam dragon (17 damage)
             ... with a ball of steam
             ... on level 5 of the Dungeon.
             The game lasted 00:17:56 (5307 turns).

Majang the Chopper (Demonspawn Gladiator)           Turns: 5307, Time: 00:17:57

Health: -3/54      AC: 13    Str: 16    XL:     7   Next: 93%
Magic:  9/9        EV:  6    Int: 10    God:    Okawaru [***...]
Gold:   101        SH:  0    Dex: 14    Spells: 6/6 levels left

rFire    . . .     SeeInvis +   a - +0 war axe
rCold    . . .     Gourm    .   (no shield)
rNeg     . . .     Faith    .   i - +0 plate armour
rPois    .         Spirit   .   n - +0 hat
rElec    .         Reflect  .   (no cloak)
rCorr    .         Harm     .   (no gloves)
MR       .....                  (no boots)
Stlth    ..........             (no amulet)
HPRegen  0.18/turn              v - ring of see invisible
MPRegen  0.11/turn              (no ring)

@: no status effects
A: antennae 1, thin metallic scales 1, spiny 1
a: Heroism, Renounce Religion


You were on level 5 of the Dungeon.
You worshipped Okawaru.
Okawaru was most pleased with you.
You were not hungry.

You visited 1 branch of the dungeon, and saw 5 of its levels.

You collected 305 gold pieces.
You spent 204 gold pieces at shops.

Inventory:

Hand Weapons
 a - a +0 war axe (weapon)
 u - a +0 morningstar of protection
Missiles
 d - a throwing net (quivered)
 j - 49 bolts
Armour
 i - a +0 plate armour (worn)
 n - a +0 hat (worn)
Jewellery
 v - a ring of see invisible (left hand)
Wands
 b - a wand of random effects (18)
 r - a wand of polymorph (5)
Scrolls
 e - 8 scrolls of identify {unknown}
 h - 2 scrolls of blinking {unknown}
 l - 4 scrolls of amnesia {unknown}
 o - 2 scrolls of remove curse {unknown}
 p - 3 scrolls of teleportation {unknown}
Potions
 c - 4 potions of haste {unknown}
 g - a potion of curing
 k - a potion of flight {unknown}
 m - 2 potions of heal wounds
 q - 2 potions of stabbing {unknown}
 t - a potion of experience {unknown}
Comestibles
 f - 7 rations
 s - 12 chunks of flesh


   Skills:
 + Level 4.0 Fighting
 * Level 5.5 Axes
 - Level 2.3 Throwing
 + Level 3.1 Armour
 + Level 4.3 Dodging
 + Level 3.8 Invocations


You had 6 spell levels left.
You didn't know any spells.
Your spell library was empty.

Dungeon Overview and Level Annotations

Branches:
Dungeon (5/15)
 Temple: D:4-7

Altars:
Okawaru

Shops:
D:4 =


Innate Abilities, Weirdness & Mutations

You have a pair of small antennae on your head.
You are partially covered in thin metallic scales. (AC +2)
You are partially covered in sharp spines.


Message History

The steam dragon claws you but does no damage.
You hit the steam dragon but do no damage.
The steam dragon is lightly wounded.
You are engulfed in a cloud of scalding steam.
The steam dragon is struck by your spines.
The steam dragon bites you but does no damage.
The steam dragon completely misses you.
Your plate armour prevents you from hitting the steam dragon.
The steam dragon is moderately wounded.
You are engulfed in a cloud of scalding steam.
The steam dragon bites you. The steam dragon barely misses you.
You closely miss the steam dragon.
The steam dragon is moderately wounded.
The steam dragon is struck by your spines.
The steam dragon bites you.
* * * LOW HITPOINT WARNING * * *
The steam dragon barely misses you. The steam dragon breathes steam at you.
The ball of steam hits you!
You die...

.#.############
....Z..........
.......).#
##.##.##D# #
#@# #.# #ยง#
#<# #.# #.# ..#
#.. ...


You could see a steam dragon (catching breath).

Vanquished Creatures
  Eustachio (D:4)
  An orc warrior (D:3)
  An ice beast (D:4)
  An ogre (D:4)
  A scorpion (D:3)
  3 orc priests (D:4)
  4 orc wizards
  Robin (D:2)
  8 gnolls
  6 adders
  A shadow imp (D:4)
  3 worms
  3 dart slugs (D:1)
  7 leopard geckos
  10 orcs
  5 ball pythons
  4 giant cockroaches
  24 goblins
  9 hobgoblins
  11 jackals
  6 kobolds
  A quokka (D:2)
  11 bats
  2 frilled lizards
  A jackal skeleton (D:4)
  7 rats
132 creatures vanquished.

Notes
Turn   | Place    | Note
-------+----------+-------------------------------------------
     0 | D:1      | Majang the Demonspawn Gladiator began the quest for the
                  | Orb.
     0 | D:1      | Reached XP level 1. HP: 16/16 MP: 1/1
   107 | D:1      | Gained mutation: You are partially covered in thin metallic
                  | scales. (AC +2) [demonic ancestry]
   107 | D:1      | Reached XP level 2. HP: 7/22 MP: 2/2
   365 | D:1      | Reached skill level 3 in Axes
   523 | D:1      | Reached XP level 3. HP: 25/27 MP: 3/3
   590 | D:1      | HP: 1/40 [gnoll/+0 halberd (8)]
   591 | D:1      | Reached skill level 1 in Armour
  1347 | D:2      | Gained mutation: You have a pair of small antennae on your
                  | head. [demonic ancestry]
  1347 | D:2      | Reached XP level 4. HP: 17/34 MP: 4/4
  1359 | D:2      | Noticed Robin
  1373 | D:2      | Killed Robin
  1702 | D:2      | Found a faded altar of an unknown god.
  1718 | D:2      | Became a worshipper of Warmaster Okawaru
  1718 | D:2      | Reached * piety under Okawaru
  2752 | D:2      | Reached XP level 5. HP: 15/39 MP: 5/5
  2760 | D:2      | Reached skill level 1 in Invocations
  3053 | D:3      | Reached skill level 4 in Axes
  3422 | D:3      | Noticed Ijyb
  3429 | D:3      | Noticed Ijyb
  3429 | D:3      | Ijyb changed into Ijyb the scorpion
  3439 | D:3      | Killed Ijyb the scorpion
  3439 | D:3      | Reached ** piety under Okawaru
  3439 | D:3      | Reached XP level 6. HP: 28/46 MP: 7/7
  4084 | D:4      | Noticed Eustachio
  4119 | D:4      | Killed Eustachio
  4122 | D:4      | Gained mutation: You are partially covered in sharp spines.
                  | [demonic ancestry]
  4122 | D:4      | Reached XP level 7. HP: 20/52 MP: 3/8
  4315 | D:4      | Found Buapanukk's Jewellery Boutique.
  4320 | D:4      | Bought a cursed amulet of inaccuracy for 24 gold pieces
  4320 | D:4      | Bought an uncursed ring of see invisible for 180 gold
                  | pieces
  4589 | D:4      | Reached skill level 5 in Axes
  4756 | D:3      | Reached *** piety under Okawaru
  5292 | D:5      | Entered Level 5 of the Dungeon
  5302 | D:5      | Noticed a steam dragon
  5302 | D:5      | an ogre changed into a steam dragon
  5307 | D:5      | Killed from afar by a steam dragon

Illustrated notes

Levels and vault maps discovered:
D:1:      dpeg_arrival_lava_temple_mockup, layout_rooms
D:2:      layout_basic, chequers_ecumenical_altar_twisty, first_ration,
          uniq_robin
D:3:      kennysheep_goblin_castle, layout_rooms, minivault_14
D:4:      layout_rooms, serial_shops, shop, minmay_misc_feat_rugged,
          guppyfry_early_orc_mine, uniq_eustachio
D:5:      layout_loops_ring, minmay_temple_entry_slanted,
          kennysheep_generic_room_5

Skill      XL: |  1  2  3  4  5  6  7 |
---------------+----------------------+-----
Axes           | 3 4 5 |  5.5
Throwing       | 2 |  2.3
Dodging        | 3 4 |  4.3
Armour         | 1 2 3 |  3.1
Invocations    | 1 2 3 |  3.8
Fighting       | 3 4 |  4.0

Action                   |  1- 3 |  4- 6 |  7- 9 || total
-------------------------+-------+-------+-------++-------
Melee: War axe           |   113 |   256 |    66 ||   435
       Punch             |       |       |     1 ||     1
Throw: Throwing net      |       |       |     3 ||     3
Invok: Heroism           |       |     2 |     2 ||     4
Evoke: Wand              |       |     3 |     1 ||     4
  Use: Potion            |     1 |     4 |     1 ||     6
 Stab: Sleeping          |     2 |       |       ||     2
       Held in net/web   |       |       |     2 ||     2
  Eat: Chunk             |     1 |    10 |     4 ||    15
Armor: Leather armour    |    28 |       |       ||    28
       Plate armour      |    34 |   294 |    33 ||   361
Dodge: Dodged            |    81 |   121 |    29 ||   231

Table legend:
 A = Non-vault XP
 B = Vault XP
 C = Vault XP percentage of total XP
 D = Non-vault monster count
 E = Vault monster count
 F = Vault count percentage of total count
                 A         B        C        D         E       F
            +---------+---------+-------+---------+---------+-------
      Total |     825 |     555 |  40.2 |     100 |      32 |  24.2
            +---------+---------+-------+---------+---------+-------
        D:1 |      67 |       0 |   0.0 |      27 |       0 |   0.0
        D:2 |      94 |      36 |  27.7 |      23 |      13 |  36.1
        D:3 |     160 |     272 |  63.0 |      26 |      14 |  35.0
        D:4 |     504 |     247 |  32.9 |      24 |       5 |  17.2
            +---------+---------+-------+---------+---------+-------
